Map: Orbital Shipyard

Players

jevenddupaté - Winner!

  • Race: Zerg Zerg
  • League: Master

Daimai

  • Race: Protoss Protoss
  • League: Master

VOD

Have the link to the VOD?

Description

Time

  • Played on: Feb. 13, 2016, 5:19 p.m.
  • Length: 12:45
Show
View Real Time Build Order
Export as new Build Order

jevenddupaté Zerg - Winner!

Build Orders: 3 Hatch before Pool 

Get SALT Encoding   

  12  0:01  Drone  
  13  0:13  Overlord  
  13  0:18  Drone  
  14  0:31  Drone x2  
  16  0:37  Drone  
  17  0:52  Hatchery  
  16  0:58  Drone  
  16  1:00  Extractor  
  16  1:03  Drone  
  18  1:21  Hatchery  
  18  1:24  Drone, Extractor  
  17  1:27  Drone  
  18  1:41  Spawning Pool  
  18  1:46  Drone  
  18  1:50  Drone  
  19  2:06  Drone  
  19  2:07  Drone  
  21  2:11  Drone  
  22  2:18  Drone  
  22  2:19  Drone  
  24  2:24  Overlord  
  24  2:29  Metabolic Boost  
  24  2:31  Queen  
  26  2:39  Queen  
  26  2:40  Drone  
  29  2:46  Drone  
  30  2:51  Drone  
  30  2:52  Drone  
  30  2:53  Drone x2  
  34  3:01  Drone x2  
  34  3:03  Queen  
  38  3:07  Drone  
  38  3:11  Overlord  
  39  3:15  Drone  
  39  3:16  Evolution Chamber  
  39  3:18  Drone  
  39  3:19  Zergling x2  
  41  3:23  Overlord  
  41  3:29  Queen  
  41  3:30  Drone  
  44  3:35  Drone  
  44  3:37  Drone x2  
  44  3:39  Drone x2  
  49  3:51  Drone  
  49  3:52  Roach Warren  
  49  3:56  Drone  
  49  3:57  Drone x5  
  55  4:07  Lair  
  55  4:08  Spore Crawler  
  55  4:09  Spore Crawler  
  53  4:10  Spore Crawler  
  53  4:15  Drone x2  
  53  4:17  Drone, Roach Warren, Extractor  
  53  4:18  Drone  
  54  4:26  Zerg Melee Weapons Level 1  
  54  4:28  Drone  
  54  4:31  Evolution Chamber, Overlord  
  54  4:39  Overlord x2  
  54  4:52  Drone  
  55  4:53  Drone x2  
  55  4:55  Drone  
  55  4:56  Overlord x2  
  55  4:57  Overlord  
  58  5:04  Hatchery  
  57  5:08  Drone  
  57  5:09  Drone  
  57  5:10  Drone  
  57  5:11  Drone x2  
  62  5:14  Spore Crawler  
  62  5:17  Drone  
  62  5:19  Zergling x8  
  62  5:20  Zergling x8, Spore Crawler  
  69  5:30  Drone  
  69  5:32  Drone x2  
  69  5:35  Zergling x6  
  74  5:41  Drone x2  
  74  5:42  Overlord  
  76  5:44  Hatchery  
  76  5:47  Zergling x12  
  81  5:51  Zerg Ground Armor Level 1  
  81  6:03  Drone x2, Extractor  
  82  6:04  Infestation Pit, Zergling x8  
  82  6:05  Zergling x2  
  84  6:21  Zergling x2  
  84  6:22  Zergling x20  
  93  6:30  Extractor  
  93  6:31  Extractor, Queen  
  94  6:32  Drone  
  94  6:36  Drone  
  94  6:37  Drone x2  
  94  6:38  Drone  
  94  6:39  Extractor  
  97  6:41  Hive  
  80  7:04  Zergling x16  
  80  7:05  Zergling x16  
  92  7:09  Spore Crawler  
  92  7:10  Drone x2, Overlord  
  92  7:12  Zerg Melee Weapons Level 2  
  93  7:23  Drone  
  93  7:26  Drone x2  
  93  7:27  Drone x2, Baneling Nest  
  93  7:28  Drone x2  
  93  7:29  Drone x3  
  101  7:49  Overlord x4  
  101  7:53  Drone  
  101  7:54  Drone  
  101  7:55  Spore Crawler  
  101  7:56  Spore Crawler  
  101  8:04  Overlord x10  
  101  8:16  Zerg Ground Armor Level 2  
  101  8:17  Pathogen Glands, Ultralisk Cavern  
  101  8:18  Zergling x2  
  101  8:19  Zergling x16  
  109  8:21  Adrenal Glands  
  109  8:38  Spore Crawler  
  108  8:44  Drone x3, Extractor  
  108  8:45  Extractor  
  108  8:46  Drone x3  
  112  9:04  Hydralisk Den  
  106  9:17  Chitinous Plating  
  105  9:22  Drone x3  
  104  9:29  Ultralisk x4  
  104  9:31  Zergling x28  
  128  9:32  Zergling x10  
  142  9:42  Extractor  
  140  9:52  Zerg Melee Weapons Level 3  
  140  9:54  Ultralisk  
  146  10:01  Centrifical Hooks  
  146  10:02  Zergling x2  
  146  10:03  Zergling x26  
  160  10:09  Drone x2  
  160  10:10  Drone  
  160  10:13  Baneling x7  
  162  10:14  Zergling x10  
  162  10:15  Zergling x4  
  169  10:22  Baneling x5  
  169  10:31  Baneling x7  
  169  10:35  Zergling x22  
  180  10:41  Drone  
  181  10:44  Drone x3  
  184  10:56  Ultralisk x2  
  195  11:00  Baneling x4  
  191  11:12  Baneling  
  191  11:13  Baneling x8  
  191  11:19  Drone x2  
  191  11:23  Baneling x7  
  194  11:25  Drone  
  194  11:30  Drone x2  
  189  11:48  Baneling x12  
  182  11:56  Baneling  
  127  12:04  Zergling x2, Ultralisk x2  
  127  12:05  Zergling x34  
  127  12:15  Overseer  
  127  12:17  Overseer x2  
Show
View Real Time Build Order
Export as new Build Order

Daimai Protoss 

Build Orders: 1 Gate Expand, Phoenix Opening 

Get SALT Encoding   

  12  0:00  Probe (Chrono Boost)  
  13  0:11  Probe (Chrono Boost)  
  14  0:21  Pylon  
  14  0:22  Probe (Chrono Boost)  
  15  0:39  Gateway, Probe (Chrono Boost)  
  16  0:45  Assimilator  
  16  0:49  Probe (Chrono Boost)  
  17  1:00  Probe (Chrono Boost)  
  18  1:10  Probe (Chrono Boost)  
  19  1:21  Probe (Chrono Boost)  
  20  1:27  Nexus  
  20  1:31  Probe (Chrono Boost)  
  21  1:37  Pylon  
  21  1:42  Probe (Chrono Boost)  
  21  1:46  Cybernetics Core  
  22  1:53  Probe (Chrono Boost), Assimilator  
  23  2:03  Probe (Chrono Boost)  
  24  2:08  Gateway  
  24  2:14  Probe (Chrono Boost)  
  25  2:24  Probe (Chrono Boost)  
  25  2:26  Warp Gate (Chrono Boost), Adept  
  28  2:32  Pylon  
  28  2:35  Probe (Chrono Boost)  
  29  2:46  Mothership Core (Chrono Boost)  
  29  2:47  Probe (Chrono Boost)  
  32  2:58  Stargate  
  32  2:59  Probe (Chrono Boost)  
  32  3:04  Probe (Chrono Boost)  
  34  3:08  Probe (Chrono Boost)  
  35  3:14  Gateway, Probe (Chrono Boost)  
  35  3:18  Gateway  
  35  3:19  Probe  
  36  3:26  Adept, Probe  
  40  3:29  Probe  
  41  3:38  Probe  
  41  3:39  Pylon  
  41  3:40  Probe  
  43  3:49  Assimilator  
  43  3:50  Probe x2  
  43  3:52  Phoenix (Chrono Boost)  
  43  3:54  Assimilator  
  47  4:01  Probe  
  47  4:03  Probe  
  47  4:04  Pylon  
  49  4:11  Probe  
  49  4:15  Probe  
  51  4:22  Probe  
  52  4:27  Probe  
  52  4:28  Adept x3  
  52  4:29  Adept  
  52  4:31  Phoenix (Chrono Boost)  
  63  4:33  Probe  
  64  4:42  Nexus  
  64  4:44  Pylon  
  66  4:53  Probe x2, Phoenix (Chrono Boost), Pylon  
  68  5:04  Probe  
  68  5:05  Probe  
  68  5:07  Robotics Facility  
  70  5:14  Probe, Phoenix (Chrono Boost)  
  70  5:17  Probe  
  70  5:19  Sentry x2  
  78  5:25  Gateway x2  
  78  5:26  Probe  
  79  5:30  Probe  
  80  5:36  Phoenix (Chrono Boost)  
  80  5:38  Probe  
  83  5:42  Twilight Council  
  83  5:47  Probe  
  83  5:49  Probe  
  84  5:52  Gateway x2  
  84  5:54  Observer, Probe  
  87  5:59  Probe  
  87  6:01  Phoenix (Chrono Boost)  
  90  6:21  Probe  
  90  6:22  Probe, Phoenix (Chrono Boost)  
  90  6:23  Charge (Chrono Boost)  
  90  6:24  Zealot x3  
  98  6:33  Probe  
  98  6:34  Probe x2  
  101  6:41  Forge  
  101  6:42  Pylon  
  101  6:45  Probe, Pylon  
  101  6:48  Pylon  
  101  6:49  Immortal  
  101  6:53  Adept x3  
  101  6:54  Adept  
  93  7:09  Zealot x4  
  93  7:14  Phoenix  
  103  7:17  Zealot x4  
  103  7:21  Templar Archives  
  111  7:27  Assimilator  
  111  7:29  Protoss Ground Weapons Level 1 (Chrono Boost)  
  111  7:30  Assimilator, Immortal  
  115  7:40  Phoenix  
  117  7:52  Zealot x4  
  117  7:57  Pylon  
  125  7:59  Pylon  
  125  8:01  Pylon  
  125  8:03  Pylon  
  125  8:05  Pylon  
  125  8:08  Pylon  
  125  8:15  Phoenix, Immortal  
  125  8:16  Pylon  
  125  8:19  Pylon  
  131  8:21  Pylon  
  131  8:22  High Templar x3  
  131  8:23  Zealot x4  
  131  8:25  High Templar  
  131  8:26  Archon  
  147  8:29  Archon  
  147  8:42  Phoenix  
  147  8:43  Gateway  
  147  8:45  Gateway  
  147  8:47  Gateway  
  149  8:50  Pylon  
  149  8:58  Immortal  
  153  9:08  Nexus  
  153  9:09  Pylon  
  153  9:17  Protoss Ground Weapons Level 2 (Chrono Boost)  
  153  9:24  Zealot x2  
  153  9:25  Zealot x5  
  153  9:26  Zealot  
  169  9:45  High Templar x6  
  177  9:46  Zealot  
  177  9:49  Archon x2, Pylon  
  177  9:50  Archon  
  177  9:51  Pylon  
  183  9:54  Observer (Chrono Boost)  
  184  10:02  Zealot  
  186  10:13  Warp Prism (Chrono Boost)  
  188  10:17  Robotics Facility  
  188  10:18  Robotics Facility  
  188  10:24  Gateway  
  188  10:25  Gateway, High Templar x2  
  188  10:26  Gateway  
  188  10:28  Gateway  
  192  10:30  Photon Cannon, Forge  
  192  10:31  Photon Cannon  
  192  10:36  Photon Cannon  
  192  10:41  Assimilator  
  192  10:43  High Templar x2  
  192  10:46  Immortal (Chrono Boost), Archon  
  192  10:47  Archon  
  192  10:48  Assimilator  
  198  11:56  Zealot x4  
  198  11:57  Zealot x7  
  198  11:58  Zealot  
  94  12:17  Zealot x5  
  94  12:18  Zealot x5  
  94  12:19  Zealot x2  
  112  12:41  Zealot x2  
  112  12:42  Zealot x6  
  112  12:43  Zealot x3  
Tags
 
Add a new tag
Caveats
  • Supply blocks, unpowered buildings, or Contaminate may cause inaccurate times.
  • Supply counts are checked every 10 seconds.